 Dungeon Sprint DCSS version 0.17-a0-963-gaa5423c (webtiles) character file.

10946 ahoge the Acrobat (level 11, -2/63 HPs)
             Began as a Felid Chaos Knight on May 8, 2015.
             Slain by a black mamba (14 damage)
             ... in the Dungeon (Sprint IX: "|||||||||||||||||||||||||||||") on May 9, 2015.
             The game lasted 00:46:50 (2888 turns).

ahoge the Acrobat (Felid Chaos Knight)              Turns: 2888, Time: 00:46:50

Health: -2/63      AC:  4    Str:  8      XL:     11   Next: 42%
Magic:  12/12      EV: 41    Int: 13      God:    Xom [..*...]
Gold:   995        SH:  0    Dex: 24 (25) Spells: 1 memorised, 7 levels left
                                        Lives:  0   Deaths: 3

rFire  . . .     SeeInvis +       - Unarmed
rCold  . . .     Rnd*Rage +     (armour unavailable)
rNeg   . . .     SustAb   .     (shield unavailable)
rPois  .         Gourm    .     (helmet unavailable)
rElec  .         Spirit   .     (cloak unavailable)
rCorr  .         Warding  .     (gloves unavailable)
rMut   .         NoTele   +     (boots unavailable)
MR     +....                    (no amulet)
Stlth  ++++++....               n - +2 ring of protection
                                m - +3 ring of dexterity

@: exhausted, slowed, slow, somewhat resistant to hostile enchantments, very
stealthy
A: no armour, no weapons or thrown items, claws 1, fangs 3, see invisible, agile
1, berserk 1, carnivore 3, speed 1, screaming 1, shaggy fur 2, slow metabolism
1, sharp paws
a: Renounce Religion


You were in the Dungeon.
You worshipped Xom.
You were a toy of Xom.
You were not hungry.

You visited 1 branch You collected 1937 gold pieces.
You spent 942 gold pieces at shops.

Inventory:

Hand weapons
 l - the +13 sword of the Doom Knight {pain, -Cast MR+}
   (You found it in the Dungeon)

   In the hands of one skilled in necromantic magic, it inflicts extra damage on
   living creatures.
   It affects your resistance to hostile enchantments.
   It prevents spellcasting.
Jewellery
 m - a +3 ring of dexterity (left paw)
 n - a +2 ring of protection (right paw)
 y - an uncursed ring of fire
 z - an uncursed ring of poison resistance
 A - an uncursed ring of fire
 B - an uncursed ring of protection from cold
Magical devices
 k - a wand of draining (7)
 p - a wand of teleportation (4)
 s - a wand of magic darts (37)
 E - a wand of hasting (6)
Scrolls
 g - 6 scrolls of blinking
 i - 5 scrolls of remove curse
 j - 2 scrolls of amnesia
 r - a scroll of brand weapon {unknown}
 t - a scroll of recharging
 v - 3 scrolls of identify
 D - a scroll of fear
Potions
 b - 2 potions of curing
 d - 4 potions of haste
 e - 5 potions of magic
 f - a potion of invisibility
 o - a potion of resistance
 q - a potion of cure mutation
 u - a potion of poison {unknown}
 w - 2 potions of flight {unknown}
Books
 x - a book of the Sky

   Spells                             Type                      Level
   a - Flight                         Charms/Air                   3
   b - Airstrike                      Air                          4
   c - Silence                        Hexes/Air                    5
   d - Deflect Missiles               Charms/Air                   6
   e - Conjure Ball Lightning         Conjuration/Air              6
   f - Tornado                        Air                          9
Comestibles
 a - 13 meat rations
 c - 14 royal jellies
 h - 6 chunks of flesh


   Skills:
 + Level 16.6 Fighting
 + Level 22.3 Dodging
 + Level 9.5 Stealth
 + Level 19.7 Unarmed Combat
 + Level 0.3 Spellcasting
 + Level 1.2 Charms


You had 7 spell levels left.
You knew the following spells:

 Your Spells              Type           Power        Failure   Level  Hunger
a - Flight                Chrm/Air       #.........   77%         3    ####...


Dungeon Overview and Level Annotations

Branches:
Dungeon (1/1)

Altars:
Cheibriados
Dithmenos
Elyvilon
Fedhas
Gozag
Kikubaaqudgha
Makhleb
Nemelex Xobeh
Okawaru
Qazlal
Ru
Sif Muna
Trog
Vehumet
Xom
Yredelemnul
Zin
The Shining One
Beogh
Jiyva
Lugonu

Shops:
D }%:*


Innate Abilities, Weirdness & Mutations

You cannot wear armour.
You are incapable of wielding weapons or throwing items.
You have sharp claws.
You have razor-sharp teeth.
You have supernaturally acute eyesight.
You are carnivorous and can eat meat at any time.
You cover ground quickly.
You are covered in thick fur (AC +2).
You have a slow metabolism.
Your sharp claws are effective at attacking unaware monsters.
You are agile. (Dex +2)
You tend to lose your temper in combat.
You occasionally shout uncontrollably at your foes.


Message History

You feel much better. The shock serpent bites you.
The shock serpent shocks you!
The shock serpent completely misses you. x2
You closely miss the shock serpent. Your claw misses the shock serpent.
The shock serpent is severely wounded.
The shock serpent barely misses you.
You mangle the shock serpent!!
You kill the shock serpent!
The air sparks with electricity!
The lightning shocks you.
* * * LOW HITPOINT WARNING * * *
The black mamba completely misses you.
You are too injured to fight recklessly!
You are too injured to fight recklessly!
Drink which item? (? for menu, Esc to quit)
It was a potion of degeneration.
There was something very wrong with that liquid.
You feel clumsy. The black mamba bites you!
You die...
Xom giggles madly!

∆∆∆∆∆ ∆∆∆∆∆∆ * * ** , , , , , ,
* ** * * * ** * *, , ,,,, ,,, ,
, ,, , ** * * * *** ,, ,,,, ,,
,,, ,,
▓▓▓▓▓▓▓▓▓▓▓▓▓▓▓▓▓▓▓▓▓▓▓******
▓.............@SSN.SNS. , ,,
▓.▓▓▓▓▓▓▓▓▓▓▓▓▓▓▓▓▓▓▓▓▓▓▓▓▓▓▓▓▓
▓...........bb.)...............
▓▓▓▓▓▓▓▓▓▓▓▓▓▓▓▓▓▓▓▓▓▓▓▓▓▓▓▓▓▓▓
▓.........'.....)))()()).[[[[[[
▓.▓▓▓▓▓▓▓▓▓▓▓▓▓▓▓▓▓▓▓▓▓▓▓▓▓▓▓▓▓
▓.............................)
▓▓▓▓▓▓▓▓▓▓▓▓▓▓▓▓▓▓▓▓▓▓▓▓▓▓▓▓▓▓▓
▓.............))))..)......)'[)


You could see a naga warrior, 4 black mambas and a naga mage.

Vanquished Creatures
  Rupert (D)
  A stone giant (D)
  2 rakshasas (D)
  A fire dragon (D)
  3 ettins (D)
  4 ogre magi (D)
  An entropy weaver (D)
  A shock serpent (D)
  5 deep trolls (D)
  4 hill giants (D)
  An orb spider (shapeshifter) (D)
  An ugly thing (D)
  An orc knight (D)
  Maurice (D)
  A black mamba (D)
  A spiny frog (D)
  2 komodo dragons (D)
  4 polar bears (D)
  4 trolls (D)
  A slime creature (D)
  2 yaks (D)
  A hippogriff (D)
  Eustachio (D)
  A golden eye (shapeshifter) (D)
  A mottled dragon (D)
  A hungry ghost (D)
  A water moccasin (D)
  A wolf (D)
  2 soldier ants (D)
  10 orc warriors (D)
  A vampire mosquito (D)
  3 porcupines (D)
  3 black bears (D)
  3 crocodiles (D)
  2 giant frogs (D)
  A crimson imp (D)
  A hound (D)
  5 orc wizards (D)
  An iguana (D)
  An orc priest (D)
  4 river rats (D)
  2 shadow imps (D)
  7 orcs (D)
  2 bats (D)
  2 hobgoblins (D)
  A jackal (D)
  A jackal skeleton (D)
  A kobold (D)
  6 rats (D)
108 creatures vanquished.

Vanquished Creatures (collateral kills)
  A black bear (D)
  An orc wizard (D)
2 creatures vanquished.

Vanquished Creatures (others)
  An orc knight (D)
  A fire vortex (D)
  2 iron imps (D)
  A jackal zombie (D)
  3 butterflies (D)
8 creatures vanquished.

Grand Total: 118 creatures vanquished

Notes
Turn   | Place    | Note
--------------------------------------------------------------
     0 | D        | ahoge, the Felid Chaos Knight, began the quest for the Orb.
     0 | D        | Reached XP level 1. HP: 10/10 MP: 2/2
    55 | D        | XOM: divination: detect items
    58 | D        | Noticed a crimson imp
    62 | D        | XOM: potion effect (brilliance)
    65 | D        | Reached skill level 4 in Unarmed Combat
    65 | D        | XOM: blink monster(s)
    67 | D        | Reached XP level 2. HP: 8/15 MP: 3/3
    74 | D        | Killed a crimson imp
    74 | D        | Reached skill level 5 in Fighting
    74 | D        | Reached skill level 5 in Dodging
    74 | D        | Reached skill level 5 in Unarmed Combat
    74 | D        | Reached XP level 3. HP: 3/19 MP: 4/4
    86 | D        | Found a glowing silver altar of Zin.
    86 | D        | Found a glowing golden altar of the Shining One.
    86 | D        | Found an ancient bone altar of Kikubaaqudgha.
    86 | D        | Found a basalt altar of Yredelemnul.
    86 | D        | Found a shimmering altar of Xom.
    86 | D        | Found a radiant altar of Vehumet.
    87 | D        | Found an iron altar of Okawaru.
    88 | D        | Found a burning altar of Makhleb.
    89 | D        | Found a deep blue altar of Sif Muna.
    90 | D        | Found a bloodstained altar of Trog.
    91 | D        | Found a sparkling altar of Nemelex Xobeh.
    92 | D        | Found a white marble altar of Elyvilon.
    93 | D        | Found a roughly hewn altar of Beogh.
    94 | D        | Found a viscous altar of Jiyva.
    95 | D        | Found a corrupted altar of Lugonu.
    96 | D        | Found a blossoming altar of Fedhas.
    97 | D        | Found a snail-covered altar of Cheibriados.
    98 | D        | Found a shadowy altar of Dithmenos.
    99 | D        | Found a stormy altar of Qazlal.
   100 | D        | Found an opulent altar of Gozag.
   101 | D        | Found a sacrificial altar of Ru.
   174 | D        | XOM: god gift: chain mail {god gift}
   343 | D        | Noticed a hill giant
   343 | D        | Noticed a yak
   343 | D        | Noticed a hill giant
   343 | D        | Noticed a hungry ghost
   355 | D        | Killed a hill giant
   355 | D        | Reached skill level 9 in Fighting
   355 | D        | Reached skill level 10 in Unarmed Combat
   355 | D        | Reached XP level 4. HP: 12/27 MP: 5/5
   355 | D        | Reached XP level 5. HP: 13/31 MP: 6/6
   355 | D        | Gained mutation: You are covered in thick fur (AC +2). [Felid growth]
   355 | D        | Reached XP level 6. HP: 14/35 MP: 7/7
   355 | D        | XOM: noise
   360 | D        | Killed a yak
   360 | D        | Reached skill level 10 in Fighting
   360 | D        | Reached skill level 10 in Dodging
   360 | D        | Reached XP level 7. HP: 10/39 MP: 8/8
   365 | D        | HP: 1/39 [hill giant/giant spiked club (10)]
   365 | D        | XOM: butterfly on damage
   376 | D        | Killed a hill giant
   376 | D        | Reached skill level 11 in Fighting
   376 | D        | Reached XP level 8. HP: 24/45 MP: 9/9
   386 | D        | Killed a hungry ghost
   517 | D        | Noticed an orb spider
   517 | D        | Noticed a hound
   517 | D        | Noticed a vampire mosquito
   517 | D        | Noticed a mottled dragon
   517 | D        | Noticed a soldier ant
   517 | D        | Noticed a cyan ugly thing
   518 | D        | an orb spider changed into a golden eye
   519 | D        | Reached skill level 12 in Dodging
   520 | D        | Killed a hound
   521 | D        | XOM: harmless Hex miscast
   523 | D        | Killed a vampire mosquito
   543 | D        | XOM: divination: magic mapping
   553 | D        | Killed a cyan ugly thing
   553 | D        | Reached skill level 13 in Dodging
   557 | D        | Killed a mottled dragon
   557 | D        | Reached XP level 9. HP: 18/49 MP: 10/10
   562 | D        | Killed a soldier ant
   575 | D        | Gained mutation: You occasionally shout uncontrollably at your foes. [mutagenic meat]
   577 | D        | Gained mutation: You are agile. (Dex +2) [mutagenic meat]
   854 | D        | Noticed a hippogriff
   854 | D        | Noticed a giant frog
   854 | D        | Noticed a porcupine
   854 | D        | Noticed a porcupine
   854 | D        | Noticed a yak
   854 | D        | Noticed a water moccasin
   857 | D        | Killed a hippogriff
   861 | D        | Killed a giant frog
   867 | D        | Killed a porcupine
   867 | D        | XOM: mild Fire miscast
   868 | D        | Noticed an iguana
   869 | D        | XOM: summons friendly iron imp
   873 | D        | XOM: harmless Chrm miscast
   875 | D        | Killed a porcupine
   875 | D        | Reached skill level 1 in Stealth
   879 | D        | XOM: potion effect (curing)
   880 | D        | Killed a yak
   880 | D        | Reached skill level 14 in Dodging
   888 | D        | Killed a water moccasin
   893 | D        | XOM: potion effect (berserk rage)
   897 | D        | Killed an iguana
   960 | D        | Noticed a porcupine
   960 | D        | Noticed a giant frog
   960 | D        | Noticed a komodo dragon
   960 | D        | Noticed a spiny frog
   960 | D        | Noticed a komodo dragon
   960 | D        | Noticed a crocodile
   961 | D        | Killed a porcupine
   964 | D        | Killed a giant frog
   966 | D        | XOM: summons friendly iron imp
   970 | D        | XOM: divination: detect items
   975 | D        | Killed a komodo dragon
   978 | D        | Killed a spiny frog
   978 | D        | Reached skill level 15 in Dodging
   978 | D        | XOM: destruction
   981 | D        | Killed a komodo dragon
   982 | D        | Killed a crocodile
   983 | D        | Noticed a black mamba
   985 | D        | Noticed a crocodile
   988 | D        | Noticed a wolf
   988 | D        | Slain by a black mamba
   989 | D        | Reached XP level 8. HP: -3/47 MP: 9/9
  1013 | D        | XOM: god gift: 14 royal jellies
  1023 | D        | Killed a black mamba
  1023 | D        | Reached XP level 9. HP: 35/51 MP: 10/10
  1034 | D        | Killed a crocodile
  1043 | D        | Killed a wolf
  1082 | D        | Noticed a black bear
  1082 | D        | Noticed a polar bear
  1082 | D        | Noticed a polar bear
  1082 | D        | Noticed a polar bear
  1082 | D        | Noticed a black bear
  1082 | D        | Noticed a black bear
  1085 | D        | XOM: confuse monster(s)
  1087 | D        | Noticed a polar bear
  1090 | D        | Killed a black bear
  1092 | D        | Killed a polar bear
  1099 | D        | Killed a polar bear
  1099 | D        | Reached skill level 16 in Dodging
  1099 | D        | Reached skill level 15 in Unarmed Combat
  1100 | D        | Noticed a black bear
  1103 | D        | Killed a polar bear
  1112 | D        | XOM: potion effect (might)
  1113 | D        | XOM: divination: detect creatures
  1114 | D        | Killed a polar bear
  1115 | D        | Killed a black bear
  1117 | D        | Killed a black bear
  1117 | D        | XOM: divination: detect creatures
  1121 | D        | Killed a black bear
  1306 | D        | Noticed Maurice
  1313 | D        | Killed Maurice
  1379 | D        | Noticed an orc wizard
  1379 | D        | Noticed an orc wizard
  1379 | D        | Noticed an orc wizard
  1379 | D        | Noticed an orc priest
  1379 | D        | Noticed an orc wizard
  1379 | D        | Noticed an orc warrior
  1382 | D        | XOM: enchant monster (bad)
  1386 | D        | XOM: divination: magic mapping
  1387 | D        | Killed an orc wizard
  1388 | D        | Killed an orc wizard
  1389 | D        | Noticed an orc wizard
  1393 | D        | Noticed an orc warrior
  1393 | D        | Killed an orc priest
  1393 | D        | Reached XP level 10. HP: 38/55 MP: 11/11
  1396 | D        | Killed an orc wizard
  1397 | D        | Noticed an ettin
  1404 | D        | Killed an orc warrior
  1406 | D        | Noticed an orc wizard
  1408 | D        | XOM: butterfly on damage
  1408 | D        | XOM: smoke on damage
  1413 | D        | XOM: confuse monster(s)
  1414 | D        | Killed an orc wizard
  1417 | D        | Killed an orc warrior
  1418 | D        | XOM: noise
  1420 | D        | Killed an orc wizard
  1420 | D        | Reached skill level 17 in Dodging
  1420 | D        | XOM: divination: detect items
  1421 | D        | XOM: enchant monster (bad)
  1422 | D        | XOM: divination: detect items
  1426 | D        | Killed an ettin
  1426 | D        | Reached skill level 5 in Stealth
  1429 | D        | Killed an orc wizard
  1799 | D        | Noticed an orc warrior
  1799 | D        | Noticed an orc warrior
  1799 | D        | Noticed an orc warrior
  1799 | D        | Noticed an orc warrior
  1799 | D        | Noticed an orc knight
  1801 | D        | Noticed an orc warrior
  1802 | D        | Killed an orc warrior
  1803 | D        | Noticed an orc warrior
  1808 | D        | Killed an orc warrior
  1811 | D        | Noticed an orc warrior
  1812 | D        | Killed an orc knight
  1814 | D        | Noticed an orc warrior
  1814 | D        | Killed an orc warrior
  1816 | D        | XOM: divination: magic mapping
  1817 | D        | Killed an orc warrior
  1819 | D        | Killed an orc warrior
  1824 | D        | Killed an orc warrior
  1826 | D        | Killed an orc warrior
  1826 | D        | Reached skill level 18 in Dodging
  1829 | D        | Killed an orc warrior
  1897 | D        | XOM: mild Fire miscast
  1901 | D        | Found Iniorab's Gadget Emporium.
  1901 | D        | Noticed a troll
  1901 | D        | Noticed a deep troll
  1901 | D        | Noticed a hill giant
  1901 | D        | Noticed a troll
  1901 | D        | Noticed a deep troll
  1902 | D        | Noticed a deep troll
  1904 | D        | XOM: potion effect (heal wounds)
  1906 | D        | Noticed a troll
  1907 | D        | Killed a deep troll
  1908 | D        | Found Xiuschip's Food Shoppe.
  1910 | D        | Noticed a deep troll
  1910 | D        | Killed a troll
  1915 | D        | Killed a hill giant
  1917 | D        | XOM: divination: detect creatures
  1919 | D        | XOM: potion effect (berserk rage)
  1920 | D        | Killed a deep troll
  1924 | D        | XOM: mild Pois miscast
  1927 | D        | Killed a deep troll
  1927 | D        | Reached XP level 11. HP: 60/60 MP: 12/12
  1930 | D        | Killed a troll
  1930 | D        | Reached skill level 19 in Dodging
  1931 | D        | Found Regad's Book Emporium.
  1932 | D        | Killed a deep troll
  1936 | D        | Killed a troll
  1937 | D        | Found Omaubrar's Assorted Antiques.
  1939 | D        | Noticed a deep troll
  1940 | D        | Noticed a troll
  1941 | D        | Noticed an ogre mage
  1942 | D        | Noticed a hill giant
  1943 | D        | Noticed an ogre mage
  1944 | D        | XOM: enchant monster (good)
  1948 | D        | Killed a deep troll
  1952 | D        | XOM: confuse monster(s)
  1954 | D        | XOM: harmless Ice miscast
  2020 | D        | XOM: divination: detect items
  2022 | D        | Killed a troll
  2031 | D        | XOM: blink monster(s)
  2036 | D        | XOM: noise
  2038 | D        | Paralysed by an ogre mage for 5 turns
  2041 | D        | HP: 3/60 [ogre mage/flail (12)]
  2042 | D        | Slain by an ogre mage
  2043 | D        | Reached XP level 10. HP: -2/57 MP: 11/11
  2175 | D        | Killed an ogre mage
  2175 | D        | Reached skill level 15 in Fighting
  2189 | D        | Killed a hill giant
  2189 | D        | Reached skill level 20 in Dodging
  2216 | D        | Killed an ogre mage
  2258 | D        | Bought a scroll labeled XOVAIM HOTUORCH for 24 gold pieces
  2258 | D        | Bought a yellow potion for 21 gold pieces
  2258 | D        | Bought a scroll labeled EXTERIGUNK for 24 gold pieces
  2258 | D        | Bought 2 purple potions for 43 gold pieces
  2260 | D        | Bought a book of the Sky for 650 gold pieces
  2264 | D        | Learned a level 3 spell: Flight
  2268 | D        | Bought a scroll of blinking for 180 gold pieces
  2312 | D        | Noticed Eustachio
  2339 | D        | Killed Eustachio
  2423 | D        | Noticed an orc knight
  2423 | D        | Noticed an ogre mage
  2423 | D        | Noticed a soldier ant
  2423 | D        | Noticed a crocodile
  2423 | D        | Noticed an ogre mage
  2429 | D        | Killed an ogre mage
  2430 | D        | Noticed a slime creature
  2439 | D        | Killed an orc knight
  2439 | D        | Reached XP level 11. HP: 37/61 MP: 12/12
  2445 | D        | Killed an ogre mage
  2445 | D        | XOM: potion effect (heal wounds)
  2450 | D        | Killed a soldier ant
  2453 | D        | Noticed a fire dragon
  2456 | D        | Killed a slime creature
  2459 | D        | Killed a crocodile
  2463 | D        | Noticed an ettin
  2467 | D        | Noticed an entropy weaver
  2471 | D        | Killed a fire dragon
  2471 | D        | Reached skill level 21 in Dodging
  2478 | D        | Noticed a stone giant
  2480 | D        | Noticed an ettin
  2488 | D        | Noticed a rakshasa
  2489 | D        | Killed an ettin
  2493 | D        | Killed an entropy weaver
  2503 | D        | Slain by a stone giant
  2504 | D        | Reached XP level 10. HP: -4/58 MP: 11/11
  2629 | D        | Killed a stone giant
  2644 | D        | Killed an ettin
  2644 | D        | Reached skill level 1 in Charms
  2671 | D        | Gained mutation: You tend to lose your temper in combat. [mutagenic meat]
  2695 | D        | Killed a rakshasa
  2696 | D        | Killed a rakshasa
  2696 | D        | Reached XP level 11. HP: 41/62 MP: 12/12
  2769 | D        | XOM: divination: magic mapping
  2831 | D        | Noticed Rupert
  2835 | D        | XOM: butterfly on damage
  2839 | D        | XOM: potion effect (berserk rage)
  2844 | D        | Killed Rupert
  2844 | D        | Reached skill level 22 in Dodging
  2875 | D        | Noticed a black mamba
  2875 | D        | Noticed a black mamba
  2875 | D        | Noticed a shock serpent
  2875 | D        | Noticed a naga mage
  2875 | D        | Noticed a black mamba
  2875 | D        | Noticed a naga warrior
  2880 | D        | Noticed a black mamba
  2887 | D        | Killed a shock serpent
  2888 | D        | Slain by a black mamba

Action                   |  1- 3 |  4- 6 |  7- 9 | 10-12 || total
-------------------------+-------+-------+-------+-------++-------
Melee: Unarmed           |    36 |     4 |   159 |   251 ||   450
  Use: Potion            |     1 |       |     5 |     9 ||    15
       Scroll            |       |       |       |     1 ||     1
 Stab: Confused          |       |       |     1 |     1 ||     2
       Sleeping          |       |       |     1 |       ||     1
       Distracted        |       |       |       |     1 ||     1
  Eat: Chunk             |     2 |       |     7 |     2 ||    11
